 Dungeon Crawl Stone Soup version 0.29.1-15-g9cfb28693d (webtiles) character file.

Game seed: 10339991011079703241

31 DemonSlayer the Digger (level 3, -2/24 HPs)
             Began as a Demonspawn Earth Elementalist on Mar 7, 2023.
             Slain by a scorpion (5 damage)
             ... on level 2 of the Dungeon.
             The game lasted 00:02:21 (1400 turns).

DemonSlayer the Digger (DsEE)                       Turns: 1400, Time: 00:02:22

Health: -2/24      AC:  3    Str: 10    XL:     3   Next: 7%
Magic:  1/6        EV: 12    Int: 16    God:
Gold:   22         SH:  0    Dex: 13    Spells: 6/7 levels left

rFire   . . .      SeeInvis .   c - +0 mace
rCold   . . .      Faith    .   (no shield)
rNeg    . . .      Spirit   .   a - +0 robe
rPois   .          Reflect  .   (no helmet)
rElec   .          Harm     .   (no cloak)
rCorr   .          Rampage  .   (no gloves)
Will    .....                   e - +0 pair of boots
Stlth   ++........              (no amulet)
HPRegen 0.08/turn               (no ring)
MPRegen 0.10/turn               (no ring)

@: lethally poisoned (-2 -> -14), about to teleport
A: claws 1
a: no special abilities


You were on level 2 of the Dungeon.
You visited 1 branch of the dungeon, and saw 2 of its levels.

You collected 22 gold pieces.

Inventory:

Hand Weapons
 c - a +0 mace (weapon)
Armour
 a - a +0 robe (worn)
 e - a +0 pair of boots (worn)
Scrolls
 d - a scroll of poison {unknown}


   Skills:
 + Level 0.1 Fighting
 + Level 1.9 Dodging
 + Level 2.2 Stealth
 + Level 2.5 Spellcasting
 + Level 0.8 Transmutations
 + Level 3.1 Earth Magic


You had 6 spell levels left.
You knew the following spells:

 Your Spells              Type           Power      Damage    Failure   Level
a - Sandblast             Erth           24%        2d8       5%          1

Your spell library contained the following spells:

 Spells                   Type           Power      Damage    Failure   Level
 Passwall                 Tmut/Erth      6%         N/A       13%         2
 Magic Dart               Conj           8%         1d3       21%         1
 Searing Ray              Conj           4%         2d4       30%         2
 Stone Arrow              Conj/Erth      14%        3d7       30%         3
 Petrify                  Tmut/Erth      8%         N/A       65%         4
 Fulminant Prism          Conj/Hex       1%         3d6       89%         4


Dungeon Overview and Level Annotations

Branches:
Dungeon (2/15)

Altars:


Innate Abilities, Weirdness & Mutations

You have sharp fingernails.


Message History

You now have 22 gold pieces (gained 12).
A scorpion comes into view.
A scorpion is nearby!
A scorpion is nearby!
A scorpion is nearby!
A scorpion is nearby!
You see here 8 gold pieces.
You can't see any susceptible monsters within range! (Use Z to cast anyway.)
The blast of sand hits the scorpion.
The scorpion is lightly wounded.
The blast of sand hits the scorpion!
The scorpion is heavily wounded.
The scorpion stings you.
The blast of sand hits the scorpion but does no damage.
The scorpion is heavily wounded.
The scorpion barely misses you. x2
The blast of sand hits the scorpion but does no damage.
The scorpion is heavily wounded.
The scorpion stings you but does no damage.
The blast of sand hits the scorpion but does no damage.
The scorpion is heavily wounded.
The scorpion stings you.
You are poisoned.
The scorpion poisons you! The scorpion stings you.
The blast of sand hits the scorpion but does no damage.
The scorpion is heavily wounded.
You feel very sick. The scorpion stings you.
* * * LOW HITPOINT WARNING * * *
You are more poisoned.
The scorpion poisons you! The scorpion barely misses you.
Welcome back, DemonSlayer the Demonspawn Earth Elementalist.
Press ? for a list of commands and other information.
You aren't carrying any potions.
As you read the scroll labelled LED PYR NATZY, it crumbles to dust.
You feel strangely unstable.
It was a scroll of teleportation.
* * * LOW HITPOINT WARNING * * *
You feel very sick. The scorpion stings you.
You die...

.#....♣♣ ♣.........#
.#.....♣♣♣♣♣♣.##....#.#
##............#.....#
+........###.##.##.#
#..........#.##.# ...
#......##.###.##.# ..#
.......##.# #.##.# .#
..#....##.# #.##$# ..
..#....##.# #...@# .
#....##.# ####s.....#
#.. #.. +......# ###
#......# #....#.#
#....# # #....# #....#


You could see a scorpion.

Vanquished Creatures
  2 endoplasms
  5 giant cockroaches
  4 goblins (D:1)
  3 hobgoblins (D:1)
  3 ball pythons (D:1)
  8 bats
  2 frilled lizards (D:1)
  4 rats (D:1)
31 creatures vanquished.

Notes
Turn   | Place    | Note
-------+----------+-------------------------------------------
     0 | D:1      | DemonSlayer the Demonspawn Earth Elementalist began the
                  | quest for the Orb.
     0 | D:1      | Reached XP level 1. HP: 13/13 MP: 3/3
     0 | D:1      | Noticed a vampire
     0 | D:1      | Noticed a demonspawn
     1 | D:1      | Noticed a gargoyle
     3 | D:1      | Noticed a dwarf
     5 | D:1      | Noticed a barachi
     6 | D:1      | Noticed a felid
     7 | D:1      | Noticed a demonspawn
     8 | D:1      | Noticed a merfolk
     9 | D:1      | Noticed a dwarf
    11 | D:1      | Noticed an elf
    11 | D:1      | Noticed a draconian
    13 | D:1      | Noticed a demonspawn
    15 | D:1      | Noticed a minotaur
    17 | D:1      | Noticed a minotaur
    17 | D:1      | Noticed a human
    17 | D:1      | Noticed a troll
    19 | D:1      | Noticed a vampire
    19 | D:1      | Noticed a gargoyle
   332 | D:1      | Gained mutation: You have sharp fingernails. [demonic
                  | ancestry]
   332 | D:1      | Reached XP level 2. HP: 13/19 MP: 3/5
   333 | D:1      | Reached skill level 3 in Earth Magic
  1253 | D:2      | Reached XP level 3. HP: 24/24 MP: 4/6
  1391 | D:2      | Noticed a scorpion
  1400 | D:2      | Slain by a scorpion

Illustrated notes

Levels and vault maps discovered:
D:1:      shiori_arrival_whats_in_store_for_you, layout_basic, hex_large
D:2:      layout_basic, dilly_ecumenical_altar_fadedgnrine, uniq_sigmund

Skill      XL: |  1  2 |
---------------+-------+-----
Stealth        | 2 |  2.2
Earth Magic    | 3 |  3.1
Fighting       | |  0.1
Dodging        | |  1.9
Spellcasting   | |  2.5
Transmutations | |  0.8

Action                   || total
-------------------------++-------
Melee: Unarmed           ||     3
       Mace              ||    11
 Cast: Sandblast         ||    48
  Use: Potion            ||     1
       Scroll            ||     1
Armor: Robe              ||    11
Dodge: Dodged            ||    30
